 Dungeon Crawl Stone Soup version 0.20.1-1-g8b1a95d (webtiles) character file.

51 n0claF the Caller (level 3, 0/19 HPs)
             Began as a Deep Elf Summoner on Oct 26, 2017.
             Succumbed to an adder's poison
             ... on level 2 of the Dungeon.
             The game lasted 00:12:13 (2124 turns).

n0claF the Caller (Deep Elf Summoner)               Turns: 2124, Time: 00:12:14

Health: 0/19       AC:  2    Str:  5    XL:     3   Next: 58%
Magic:  5/10       EV:  9    Int: 25    God:
Gold:   105        SH:  6    Dex: 15    Spells: 7/9 levels left

rFire    . . .     SeeInvis .   n - +0 whip (curse)
rCold    . . .     Gourm    .   q - +0 shield
rNeg     . . .     Faith    .   a - +0 robe
rPois    .         Spirit   .   (no helmet)
rElec    .         Reflect  .   (no cloak)
rCorr    .         Harm     .   (no gloves)
MR       .....                  (no boots)
Stlth    ++........             (no amulet)
Regen    0.1/turn               (no ring)
MPRegen  0.2/turn               (no ring)

@: brilliant, lethally poisoned (0 -> -6), berserk cooldown, slowed, heavily
drained, very slow
A: no striking features
a: no special abilities


You were on level 2 of the Dungeon.
You were hungry.

You visited 1 branch of the dungeon, and saw 2 of its levels.

You collected 105 gold pieces.

Inventory:

Hand Weapons
 n - a cursed +0 whip (weapon)
Armour
 a - a +0 robe (worn)
 q - a +0 shield (worn)
Jewellery
 i - an uncursed amulet of harm
Scrolls
 m - a scroll of identify
Potions
 e - a potion of lignification
 j - 3 potions of brilliance
 k - a potion of heal wounds {unknown}
 p - 3 potions of curing {unknown}
Books
 b - a book of Callings

   Spells                             Type                      Level
   a - Summon Small Mammal            Summoning                    1
   b - Call Imp                       Summoning                    2
   c - Call Canine Familiar           Summoning                    3
   d - Summon Guardian Golem          Hexes/Summoning              3
   e - Summon Lightning Spire         Summoning/Air                4
   f - Summon Ice Beast               Ice/Summoning                4
Comestibles
 c - 3 bread rations


   Skills:
 + Level 0.2(0.0) Fighting
 + Level 2.7(1.5) Dodging
 + Level 2.4(1.3) Stealth
 + Level 3.8(2.6) Spellcasting
 + Level 5.3(4.0) Summonings


You had 7 spell levels left.
You knew the following spells:

 Your Spells              Type           Power        Failure   Level  Hunger
b - Call Imp              Summ           #####...     2%          2    ##.....


Dungeon Overview and Level Annotations

Branches:
Dungeon (2/15)

Altars:
Cheibriados
Hepliaklqana


Message History

* * * LOW HITPOINT WARNING * * *
You feel sick.
The adder bites your iron imp but does no damage.
Your iron imp hits the adder!
You are too berserk!
Unknown command.
You feel a strong urge to attack something.
The adder barely misses your iron imp.
Your iron imp barely misses the adder.
The adder completely misses your iron imp.
You feel your anger subside.
* * * LOW HITPOINT WARNING * * *
You feel sick. The adder bites your iron imp.
Your iron imp closely misses the adder.
You are no longer berserk.
You are exhausted.
You feel yourself slow down.
The adder bites your iron imp but does no damage.
It was a potion of brilliance.
You feel clever all of a sudden.
You die...

.####
#.#.....'....(########
≈.#
#.#..####..........†..
≈≈# #.#..#
#....######### ≈≈#
#.#..######### ≈≈#
#.#..##....5# ≈##
#.#..##.###.# ##
#.#..##5#
########.#.5##S#
<...........@5.#
########.#..####
#.#..######.#
#.#.........#
#.#.######### ..#.#
###.# #.# #.#


You could see an adder, a friendly iron imp and a friendly crimson imp.

Vanquished Creatures
  A giant cockroach (D:1)
1 creature vanquished.

Vanquished Creatures (collateral kills)
  An adder (D:2)
  A gnoll (D:1)
  An ooze (D:1)
  2 worms (D:2)
  A dart slug (D:2)
  2 leopard geckos (D:2)
  6 bats
  A giant cockroach (D:1)
  10 goblins
  3 hobgoblins
  2 jackals (D:2)
  A quokka (D:2)
  A ball python (D:1)
  5 frilled lizards
  7 kobolds
  7 rats
51 creatures vanquished.

Grand Total: 52 creatures vanquished

Notes
Turn   | Place    | Note
-------+----------+-------------------------------------------
     0 | D:1      | n0claF the Deep Elf Summoner began the quest for the Orb.
     0 | D:1      | Reached XP level 1. HP: 10/10 MP: 6/6
   662 | D:1      | Reached XP level 2. HP: 11/15 MP: 5/8
   687 | D:1      | Learned a level 2 spell: Call Imp
  1013 | D:1      | Reached skill level 5 in Summonings
  1346 | D:2      | Reached XP level 3. HP: 19/19 MP: 6/9
  1791 | D:2      | Found a hazy altar of Hepliaklqana.
  1988 | D:2      | Found a snail-covered altar of Cheibriados.
  2122 | D:2      | HP: 1/28 [poisoned by an adder]
  2124 | D:2      | Succumbed to an adder's poison

Skill      XL: |  1  2 |
---------------+-------+-----
Summonings     | 5 |  5.3
Fighting       | |  0.2
Dodging        | |  2.7
Stealth        | |  2.4
Spellcasting   | |  3.8

Action                   || total
-------------------------++-------
Melee: Unarmed           ||     2
       Whip              ||     1
 Cast: Summon Small Mamm ||    21
       Call Imp          ||    41
  Use: Scroll            ||     6
       Potion            ||     2
  Eat: Chunk             ||     6
Armor: Robe              ||     9
Dodge: Dodged            ||    40
Block: Shield            ||     3
